MLB
NEW YORK METS @ MONTREAL EXPOS
09/18/2044
 
TOP OF THE 1ST
New York Mets batting - Pitching for Montreal Expos : RHP Jonathan Jackson
Pitching: RHP Jonathan Jackson
Batting: SHB Gus Berry 0-0: Ball
1-0: Called Strike
1-1: Ball
2-1: Called Strike
2-2: Ball
3-2: DOUBLE (Line Drive, 7LS, EV 101.9 MPH)
Batting: SHB Jonathan Jenkins 0-0: Ground out U3 (Groundball, 3, EV 105.0 MPH)
Gus Berry to third
Batting: SHB Harry Hoop 0-0: Ball
1-0: Ground out 4-3 (Groundball, 4S, EV 81.9 MPH)
Gus Berry scores
Batting: SHB Sean Cook 0-0: Foul Ball, location: 2F
0-1: Called Strike
0-2: Ball
1-2: Ground out U3 (Groundball, 34S, EV 86.3 MPH)
Top of the 1st over - 1 run, 1 hit, 0 errors, 0 left on base; New York 1 - Montreal 0
BOTTOM OF THE 1ST
Montreal Expos batting - Pitching for New York Mets : LHP Zachary DeVault
Pitching: LHP Zachary DeVault
Batting: SHB Bran Stark 0-0: Swinging Strike
0-1: Ball
1-1: Ball
2-1: Foul Ball, location: 2F
2-2: DOUBLE (Flyball, 8RXD, EV 100.6 MPH)
Batting: RHB Jared McClernon 0-0: Ball
1-0: Foul Ball, location: 2F
1-1: Ball
2-1: Called Strike
2-2: Foul Ball, location: 2F
2-2: Foul Ball, location: 2F
2-2: Foul Ball, location: 2F
2-2: Foul Ball, location: 2F
2-2: Fly out, F7 (Flyball, 7S, EV 83.8 MPH)
Batting: RHB Mike Salmon 0-0: Ball
1-0: Called Strike
1-1: Ball
2-1: Ball
3-1: Base on Balls
Batting: RHB Hugo Bautista 0-0: Foul Ball, location: 2F
0-1: 3-RUN HOME RUN (Flyball, 78XD, EV 101.9 MPH), Distance : 381 ft
Batting: SHB Pete Barutha 0-0: Ball
1-0: Ball
2-0: Swinging Strike
2-1: Ball
3-1: Called Strike
3-2: SINGLE (Line Drive, 56, EV 94.4 MPH)
Batting: RHB John Ham 0-0: Ball
1-0: Ball
2-0: Foul Ball, location: 2F
2-1: Ball
3-1: Grounds into double play, 5-4-3 (Groundball, 56, EV 100.6 MPH)
Bottom of the 1st over - 3 runs, 3 hits, 0 errors, 0 left on base; New York 1 - Montreal 3
TOP OF THE 2ND
New York Mets batting - Pitching for Montreal Expos : RHP Jonathan Jackson
Batting: RHB Jeff Jank 0-0: Foul Ball, location: 2F
0-1: SINGLE (Line Drive, 8RS, EV 90.6 MPH)
Batting: SHB Kaname Fujimoto 0-0: Ball
1-0: Swinging Strike
1-1: Called Strike
1-2: Foul Ball, location: 2F
1-2: Ball
2-2: Foul Ball, location: 2F
2-2: Ball
3-2: Ground out U3 (Groundball, 3S, EV 66.3 MPH)
Jeff Jank to second
Batting: LHB Timo Gomez 0-0: Ball
1-0: Called Strike
1-1: Foul Ball, location: 2F
1-2: Foul Ball, location: 2F
1-2: Foul Ball, location: 2F
1-2: Strikes out swinging
Batting: SHB Tomas Caldera 0-0: Called Strike
0-1: Ball
1-1: Called Strike
1-2: Fly out, F9 (Line Drive, 9D, EV 97.5 MPH)
Top of the 2nd over - 0 runs, 1 hit, 0 errors, 1 left on base; New York 1 - Montreal 3
BOTTOM OF THE 2ND
Montreal Expos batting - Pitching for New York Mets : LHP Zachary DeVault
Batting: RHB Wen-hua Lei 0-0: Called Strike
0-1: Ball
1-1: Called Strike
1-2: Strikes out swinging
Batting: RHB Nick Sharp 0-0: Called Strike
0-1: Swinging Strike
0-2: Fly out, F9 (Flyball, 9LS, EV 83.8 MPH)
Batting: LHB Steve Anderson 0-0: Ball
1-0: Called Strike
1-1: Ball
2-1: SINGLE (Line Drive, 6M, EV 99.4 MPH)
Batting: SHB Bran Stark 0-0: SINGLE (Groundball, 6D, EV 100.0 MPH)
Steve Anderson to second
Batting: RHB Jared McClernon 0-0: Ball
1-0: Ball
2-0: Ball
3-0: Base on Balls
Steve Anderson to third
Bran Stark to second
Batting: RHB Mike Salmon 0-0: Ball
1-0: Called Strike
1-1: Ball
2-1: Ball
3-1: Base on Balls
Steve Anderson scores
Bran Stark to third
Jared McClernon to second
Batting: RHB Hugo Bautista 0-0: Ball
1-0: Called Strike
1-1: Ball
2-1: Foul Ball, location: 2F
2-2: Ball
3-2: GRAND SLAM HOME RUN (Flyball, 9D, EV 95.6 MPH), Distance : 369 ft
Pitching: LHP Xu-gang Zhou
Batting: SHB Pete Barutha 0-0: Ball
1-0: Ball
2-0: Ball
3-0: Ground out 5-3 (Groundball, 56S, EV 82.5 MPH)
Bottom of the 2nd over - 5 runs, 3 hits, 0 errors, 0 left on base; New York 1 - Montreal 8
TOP OF THE 3RD
New York Mets batting - Pitching for Montreal Expos : RHP Jonathan Jackson
Batting: SHB Scott Scott 0-0: Ball
1-0: Fly out, F7 (Flyball, 7LS, EV 85.6 MPH)
Batting: SHB Gus Berry 0-0: Reached on error, E5 (Groundball, 56S, EV 84.4 MPH)
Batting: SHB Jonathan Jenkins 0-0: Called Strike
0-1: Ball
1-1: Ball
2-1: Foul Ball, location: 2F
2-2: Ball
3-2: Foul Ball, location: 2F
3-2: Fielders Choice at 2nd, 3-6 (Groundball, 34, EV 89.4 MPH)
Batting: SHB Harry Hoop 0-0: Called Strike
0-1: Ball
1-1: Foul Ball, location: 2F
1-2: Strikes out swinging
Top of the 3rd over - 0 runs, 0 hits, 1 error, 1 left on base; New York 1 - Montreal 8
BOTTOM OF THE 3RD
Montreal Expos batting - Pitching for New York Mets : LHP Xu-gang Zhou
Batting: RHB John Ham 0-0: Foul Ball, location: 2F
0-1: Ball
1-1: Swinging Strike
1-2: Ball
2-2: Foul Ball, location: 2F
2-2: Strikes out swinging
Batting: RHB Wen-hua Lei 0-0: Ball
1-0: Ball
2-0: Fly out, F9 (Flyball, 9S, EV 89.4 MPH)
Batting: RHB Nick Sharp 0-0: Called Strike
0-1: Ball
1-1: Ball
2-1: Ball
3-1: Called Strike
3-2: Ground out 5-3 (Groundball, 56, EV 101.9 MPH)
Bottom of the 3rd over - 0 runs, 0 hits, 0 errors, 0 left on base; New York 1 - Montreal 8
TOP OF THE 4TH
New York Mets batting - Pitching for Montreal Expos : RHP Jonathan Jackson
Batting: SHB Sean Cook 0-0: Ball
1-0: Foul Ball, location: 2F
1-1: Ball
2-1: Ball
3-1: Called Strike
3-2: Base on Balls
Batting: RHB Jeff Jank 0-0: Called Strike
0-1: Ball
Sean Cook is caught stealing 2nd base 2-4
1-1: Ball
2-1: Ball
3-1: SINGLE (Groundball, 34D, EV 103.1 MPH)
Batting: SHB Kaname Fujimoto 0-0: Foul Ball, location: 2F
0-1: DOUBLE (Groundball, 3D, EV 106.3 MPH)
Jeff Jank to third
Batting: LHB Timo Gomez 0-0: Ball
1-0: Swinging Strike
1-1: Ball
2-1: Ball
3-1: Foul Ball, location: 2F
3-2: Strikes out swinging
Batting: SHB Tomas Caldera 0-0: Called Strike
0-1: Ball
1-1: Called Strike
1-2: Foul Ball, location: 2F
1-2: Strikes out swinging
Top of the 4th over - 0 runs, 2 hits, 0 errors, 2 left on base; New York 1 - Montreal 8
BOTTOM OF THE 4TH
Montreal Expos batting - Pitching for New York Mets : LHP Xu-gang Zhou
Batting: LHB Steve Anderson 0-0: Called Strike
0-1: Ball
1-1: Foul Ball, location: 2F
1-2: Ball
2-2: Foul Ball, location: 2F
2-2: Ball
3-2: Base on Balls
Batting: SHB Bran Stark 0-0: Ball
1-0: Ground out 6-3 (Groundball, 6S, EV 68.1 MPH)
Steve Anderson to second
Batting: RHB Jared McClernon 0-0: Ball
1-0: Called Strike
1-1: Ball
2-1: Called Strike
2-2: Foul Ball, location: 2F
2-2: Ball
3-2: Foul Ball, location: 2F
3-2: Base on Balls
Batting: RHB Mike Salmon 0-0: Ball
1-0: Ball
2-0: Ball
3-0: Called Strike
3-1: Base on Balls
Steve Anderson to third
Jared McClernon to second
Batting: RHB Hugo Bautista 0-0: Foul Ball, location: 2F
0-1: Foul Ball, location: 2F
0-2: Grounds into double play, 6-4-3 (Groundball, 6, EV 88.1 MPH)
Bottom of the 4th over - 0 runs, 0 hits, 0 errors, 2 left on base; New York 1 - Montreal 8
TOP OF THE 5TH
New York Mets batting - Pitching for Montreal Expos : RHP Jonathan Jackson
Batting: SHB Scott Scott 0-0: TRIPLE (Flyball, 78XD, EV 93.8 MPH)
Batting: SHB Gus Berry 0-0: Ball
1-0: Swinging Strike
1-1: Ball
2-1: Ground out 4-3 (Groundball, 4, EV 82.5 MPH)
Scott Scott scores
Batting: SHB Jonathan Jenkins 0-0: Ball
1-0: Called Strike
1-1: Ball
2-1: SINGLE (Groundball, 4MD, EV 97.5 MPH)
Batting: SHB Harry Hoop 0-0: Called Strike
0-1: Swinging Strike
0-2: Fielders Choice at 2nd, 6-4 (Groundball, 6, EV 85.0 MPH)
Batting: SHB Sean Cook 0-0: Ball
1-0: Called Strike
1-1: Ball
2-1: Ball
3-1: Base on Balls
Harry Hoop to second
Batting: RHB Jeff Jank 0-0: Ball
1-0: Foul Ball, location: 2F
1-1: Called Strike
1-2: Ball
2-2: Foul Ball, location: 2F
2-2: SINGLE (Flyball, 4MD, EV 97.5 MPH)
Harry Hoop to third
Sean Cook to second
Runner from 3rd tries for Home, SAFE, throw by CF to home
Batting: SHB Kaname Fujimoto 0-0: Ball
1-0: Called Strike
1-1: Ball
2-1: Ball
3-1: Swinging Strike
3-2: Strikes out swinging
Top of the 5th over - 2 runs, 3 hits, 0 errors, 2 left on base; New York 3 - Montreal 8
BOTTOM OF THE 5TH
Montreal Expos batting - Pitching for New York Mets : LHP Xu-gang Zhou
Batting: SHB Pete Barutha 0-0: Foul Ball, location: 2F
0-1: Foul Ball, location: 2F
0-2: Ball
1-2: Foul Ball, location: 2F
1-2: Strikes out swinging
Batting: RHB John Ham 0-0: Fly out, F4 (Flyball, 4D, EV 84.4 MPH)
Batting: RHB Wen-hua Lei 0-0: Called Strike
0-1: Swinging Strike
0-2: Ball
1-2: Ground out 5-3 (Groundball, 56S, EV 81.3 MPH)
Bottom of the 5th over - 0 runs, 0 hits, 0 errors, 0 left on base; New York 3 - Montreal 8
TOP OF THE 6TH
New York Mets batting - Pitching for Montreal Expos : RHP Jonathan Jackson
Batting: LHB Timo Gomez 0-0: Ground out U3 (Groundball, 3, EV 88.8 MPH)
Batting: SHB Tomas Caldera 0-0: Called Strike
0-1: Foul Ball, location: 2F
0-2: Ground out 1-3 (Groundball, 13S, EV 73.1 MPH)
Batting: SHB Scott Scott 0-0: Fly out, F1 (Line Drive, P, EV 64.4 MPH)
Top of the 6th over - 0 runs, 0 hits, 0 errors, 0 left on base; New York 3 - Montreal 8
BOTTOM OF THE 6TH
Montreal Expos batting - Pitching for New York Mets : LHP Xu-gang Zhou
Batting: RHB Nick Sharp 0-0: Ground out 5-3 (Groundball, 5L, EV 90.0 MPH)
Batting: LHB Steve Anderson 0-0: Called Strike
0-1: Swinging Strike
0-2: Ball
1-2: Ball
2-2: Strikes out swinging
Pitching: RHP Victor Morin
Batting: SHB Bran Stark 0-0: Ball
1-0: Ball
2-0: Ground out 6-3 (Groundball, 6D, EV 76.9 MPH)
Bottom of the 6th over - 0 runs, 0 hits, 0 errors, 0 left on base; New York 3 - Montreal 8
TOP OF THE 7TH
New York Mets batting - Pitching for Montreal Expos : RHP Jonathan Jackson
Batting: SHB Gus Berry 0-0: Called Strike
0-1: Swinging Strike
0-2: Ball
1-2: Strikes out swinging
Batting: SHB Jonathan Jenkins 0-0: Ball
1-0: Ball
2-0: Called Strike
2-1: Ball
3-1: Fly out, F7 (Flyball, 7LM, EV 98.1 MPH)
Batting: SHB Harry Hoop 0-0: Ball
1-0: Ball
2-0: Called Strike
2-1: Ball
3-1: Foul Ball, location: 2F
3-2: Strikes out swinging
Top of the 7th over - 0 runs, 0 hits, 0 errors, 0 left on base; New York 3 - Montreal 8
BOTTOM OF THE 7TH
Montreal Expos batting - Pitching for New York Mets : RHP Victor Morin
Batting: RHB Jared McClernon 0-0: Called Strike
0-1: Swinging Strike
0-2: Strikes out swinging
Batting: RHB Mike Salmon 0-0: Ball
1-0: Ball
2-0: Called Strike
2-1: SOLO HOME RUN (Flyball, 78XD, EV 103.8 MPH), Distance : 408 ft
Batting: RHB Hugo Bautista 0-0: Called Strike
0-1: Swinging Strike
0-2: Foul Ball, location: 2F
0-2: Fly out, F8 (Line Drive, 8LM, EV 96.3 MPH)
Batting: SHB Pete Barutha 0-0: Ball
1-0: Called Strike
1-1: Called Strike
1-2: Ball
2-2: Foul Ball, location: 2F
2-2: SINGLE (Line Drive, 4D, EV 95.6 MPH)
Batting: RHB John Ham 0-0: Called Strike
0-1: SINGLE (Groundball, 56D, EV 103.8 MPH)
Pete Barutha to second
Batting: RHB Wen-hua Lei 0-0: Foul Ball, location: 2F
0-1: Ball
1-1: Foul Ball, location: 2F
1-2: Strikes out looking
Bottom of the 7th over - 1 run, 3 hits, 0 errors, 2 left on base; New York 3 - Montreal 9
TOP OF THE 8TH
New York Mets batting - Pitching for Montreal Expos : RHP Jonathan Jackson
Pitching: RHP Joel Beggs
Batting: SHB Sean Cook 0-0: Ball
1-0: Ball
2-0: Ball
3-0: Base on Balls
Batting: RHB Jeff Jank 0-0: Called Strike
0-1: Ball
1-1: Ball
2-1: Ball
3-1: Foul Ball, location: 2F
3-2: Ground out U3 (Groundball, 3S, EV 64.4 MPH)
Sean Cook to second
Batting: SHB Kaname Fujimoto 0-0: Ball
1-0: Reached on error, E4 (Groundball, 4, EV 85.6 MPH)
Sean Cook to third
Batting: LHB Timo Gomez 0-0: Ball
1-0: Ball
2-0: Ball
3-0: Fielders Choice at 2nd, 4-6 (Groundball, 4S, EV 85.0 MPH)
Sean Cook scores
Pinch Hitting: SHB Lewis Thorpe Jr. 0-0: Foul Ball, location: 2F
0-1: Ball
1-1: Ball
2-1: Foul Ball, location: 2F
2-2: 2-RUN HOME RUN (Flyball, 78XD, EV 97.5 MPH), Distance : 398 ft
Pitching: RHP Jeff Urry
Batting: SHB Scott Scott 0-0: Ball
1-0: Called Strike
1-1: Ball
2-1: Ball
3-1: Base on Balls
Batting: SHB Gus Berry 0-0: Ground out 4-3 (Groundball, 34, EV 104.4 MPH)
Top of the 8th over - 3 runs, 1 hit, 1 error, 1 left on base; New York 6 - Montreal 9
BOTTOM OF THE 8TH
Montreal Expos batting - Pitching for New York Mets : RHP Victor Morin
Now at 3B: Melchor Sovrivilla
Batting: RHB Nick Sharp 0-0: Ball
1-0: Called Strike
1-1: Called Strike
1-2: Ground out 1-3 (Groundball, 34S, EV 70.6 MPH)
Batting: LHB Steve Anderson 0-0: Ball
1-0: Called Strike
1-1: Ball
2-1: Swinging Strike
2-2: Foul Ball, location: 2F
2-2: Ball
3-2: Foul Ball, location: 2F
3-2: Strikes out looking
Batting: SHB Bran Stark 0-0: Ball
1-0: SINGLE (Groundball, 6D, EV 100.0 MPH)
Batting: RHB Jared McClernon 0-0: Ball
1-0: Ball
2-0: Fielders Choice at 2nd, 6-4 (Groundball, 6, EV 102.5 MPH)
Bottom of the 8th over - 0 runs, 1 hit, 0 errors, 1 left on base; New York 6 - Montreal 9
TOP OF THE 9TH
New York Mets batting - Pitching for Montreal Expos : RHP Jeff Urry
Pitching: RHP Elliott Payne
Batting: SHB Jonathan Jenkins 0-0: Called Strike
0-1: Ball
1-1: Ball
2-1: Ground out 4-3 (Groundball, 4, EV 103.8 MPH)
Batting: SHB Harry Hoop 0-0: Ball
1-0: Ball
2-0: Foul Ball, location: 2F
2-1: Ball
3-1: Ground out 5-3 (Groundball, 56, EV 89.4 MPH)
Batting: SHB Sean Cook 0-0: TRIPLE (Flyball, 9LD, EV 96.3 MPH)
Batting: RHB Jeff Jank 0-0: Called Strike
0-1: Called Strike
0-2: Ball
1-2: Strikes out swinging
Top of the 9th over - 0 runs, 1 hit, 0 errors, 1 left on base; New York 6 - Montreal 9
Thursday, March 31st , 2022 - OOTP Baseball 22.12 Build 89